 Dungeon Crawl Stone Soup version 0.23.1 (webtiles) character file.

Game seed: 81752914644634060

273 Liar the Conjurer (level 6, -2/47 HPs)
             Began as a Draconian Conjurer on Mar 1, 2019.
             Slain by an ogre
             ... wielding a +0 giant club
              (22 damage)
             ... on level 4 of the Dungeon.
             The game lasted 00:06:57 (4038 turns).

Liar the Conjurer (Draconian Conjurer)              Turns: 4038, Time: 00:06:58

Health: -2/47      AC:  7    Str: 10    XL:     6   Next: 2%
Magic:  3/10       EV: 12    Int: 17    God:
Gold:   224        SH:  4    Dex: 12    Spells: 6/10 levels left

rFire    . . .     SeeInvis +   a - +1 war axe (chop)
rCold    + . .     Gourm    .   (no shield)
rNeg     . . .     Faith    .   (armour unavailable)
rPois    .         Spirit   .   (helmet restricted)
rElec    .         Reflect  +   (no cloak)
rCorr    .         Harm     .   j - +0 pair of gloves (curse)
MR       .....                  (no boots)
Stlth    ++........             z - +4 amulet of reflection
HPRegen  0.15/turn              r - ring of protection from cold
MPRegen  0.12/turn              l - ring of see invisible

@: very slightly contaminated
A: unfitting armour, cold-blooded, AC +6
a: no special abilities


You were on level 4 of the Dungeon.
You were very hungry.

You visited 1 branch of the dungeon, and saw 4 of its levels.

You collected 224 gold pieces.

Inventory:

Hand Weapons
 a - a +1 war axe of chopping (weapon)
 f - a +0 club
 u - a +0 blowgun
Missiles
 n - 120 stones (quivered)
 v - 2 poisoned needles
Armour
 j - a cursed +0 pair of gloves (worn)
 t - a cursed +0 scale mail
Magical Staves
 b - an uncursed staff of power
Jewellery
 l - a ring of see invisible (right hand)
 r - a ring of protection from cold (left hand)
 z - a +4 amulet of reflection (around neck)
Scrolls
 c - a scroll of amnesia {unknown}
 d - 4 scrolls of identify {unknown}
 e - a scroll of teleportation {unknown}
 h - a scroll of immolation {unknown}
 m - 5 scrolls of remove curse {unknown}
 w - a scroll of fear {unknown}
 y - a scroll of noise {unknown}
 A - a scroll of enchant weapon {unknown}
 B - a scroll of enchant armour {unknown}
 E - a scroll of magic mapping {unknown}
Potions
 g - 2 potions of lignification {unknown}
 i - a potion of might {unknown}
 k - a potion of magic {unknown}
 o - a potion of invisibility {unknown}
 p - a potion of flight {unknown}
 q - 3 potions of curing {unknown}
 s - a potion of brilliance {unknown}
 x - a potion of degeneration {unknown}
 C - a potion of heal wounds {unknown}
Comestibles
 D - 9 rations


   Skills:
 + Level 1.0 Fighting
 + Level 2.4 Axes
 + Level 2.3 Dodging
 + Level 3.1 Stealth
 + Level 2.7 Spellcasting
 + Level 5.0 Conjurations
 * Level 1.1 Hexes


You had 6 spell levels left.
You knew the following spells:

 Your Spells              Type           Power        Failure   Level  Hunger
a - Magic Dart            Conj           ###.         2%          1    #......
b - Dazzling Spray        Conj/Hex       ##....       16%         3    ###....

Your spell library contained the following spells:

 Spells                   Type           Power        Failure   Level  Hunger
 Searing Ray              Conj           ###...       3%          2    ##.....
 Iskenderun's Mystic Bla  Conj           ###.....     22%         4    #####..
 Fulminant Prism          Conj/Hex       ##........   45%         4    #####..
 Force Lance              Conj/Tloc      ##......     54%         4    #####..


Dungeon Overview and Level Annotations

Branches:
Dungeon (4/15)
 Temple: D:4-7

Altars:
Elyvilon
Makhleb
Qazlal
Ru

Annotations:
D:3 1 runed translucent door, HunterMK's ghost, amateur GrFi


Innate Abilities, Weirdness & Mutations

Your plain brown scales are hard. (AC +6)
You cannot fit into any form of body armour.
You are cold-blooded and may be slowed by cold attacks.


Message History

Aim: an ogre, wielding a +0 giant club The spray of energy hits the ogre!
The ogre is moderately wounded.
An orc comes into view. It is wielding a +0 club.
The ogre hits you with a +0 giant club!!
Ouch! That really hurt!
Casting: Dazzling Spray (safe; 16% risk of failure)
Confirm with . or Enter, or press ? or * to list all spells.
Aiming: Dazzling Spray (safe; 16% risk of failure)
Press: ? - help, Shift-Dir - straight line, f/p - ogre
Aim: an ogre, wielding a +0 giant club (moderately wounded)
The spray of energy hits the ogre.
The ogre is heavily wounded.
The ogre barely misses you. The ogre hits you with a +0 giant club.
Casting: Dazzling Spray (safe; 16% risk of failure)
Confirm with . or Enter, or press ? or * to list all spells.
You don't have enough magic to cast that spell.
The ogre hits you with a +0 giant club!!
You die...

###### #########
#########....< #.......####
#......##.####
###.#####....# #......##.#
#...#####.o..####......##.#
#.####......O@.........##.#
#.# #.................##.#
#.#
#..)............#.##.####
#.#
#.......####.####.##.....
.....# ####....#
##.####.####### ######
#>....................
#.#######.####.####### ..#
#.####.....###
..............


You could see an ogre and an orc.

Vanquished Creatures
  Eustachio (D:4)
  An orc priest (D:3)
  4 adders
  2 worms
  3 leopard geckos
  7 orcs
  6 bats
  3 giant cockroaches
  6 goblins
  4 hobgoblins
  6 kobolds
  2 quokkas (D:4)
  2 frilled lizards (D:3)
  A jackal skeleton (D:4)
  2 leopard gecko skeletons (D:4)
  9 rats
59 creatures vanquished.

Notes
Turn   | Place    | Note
-------+----------+-------------------------------------------
     0 | D:1      | Liar the Draconian Conjurer began the quest for the Orb.
     0 | D:1      | Reached XP level 1. HP: 14/14 MP: 3/3
   187 | D:1      | Reached XP level 2. HP: 20/20 MP: 5/5
  1064 | D:2      | Reached XP level 3. HP: 26/26 MP: 1/6
  2006 | D:2      | Found a sacrificial altar of Ru.
  2420 | D:3      | Found a stormy altar of Qazlal.
  2421 | D:3      | Noticed a water elemental
  2424 | D:3      | Noticed an air elemental
  2424 | D:3      | Noticed a fire elemental
  2424 | D:3      | Noticed an earth elemental
  2487 | D:3      | Reached XP level 4. HP: 33/33 MP: 7/7
  2601 | D:3      | Reached skill level 5 in Conjurations
  2696 | D:3      | Found a runed translucent door.
  2699 | D:3      | Noticed HunterMK's ghost (amateur GrFi)
  2771 | D:3      | Reached skill level 1 in Axes
  3089 | D:4      | Noticed Eustachio
  3249 | D:3      | Learned a level 3 spell: Dazzling Spray
  3272 | D:4      | Killed Eustachio
  3272 | D:4      | Reached skill level 1 in Fighting
  3272 | D:4      | Reached skill level 1 in Hexes
  3272 | D:4      | Reached XP level 5. HP: 32/40 MP: 0/9
  3434 | D:4      | Reached XP level 6. HP: 47/47 MP: 7/10
  3460 | D:4      | Found a white marble altar of Elyvilon.
  3603 | D:4      | Found a burning altar of Makhleb.
  4038 | D:4      | Slain by an ogre

Skill      XL: |  1  2  3  4 |
---------------+-------------+-----
Stealth        | 2 3 |  3.1
Dodging        | 2 |  2.3
Conjurations   | 5 |  5.0
Axes           | 2 |  2.4
Fighting       | 1 |  1.0
Hexes          | 1 |  1.1
Spellcasting   | |  2.7

Action                   |  1- 3 |  4- 6 || total
-------------------------+-------+-------++-------
Melee: Club              |    12 |       ||    12
       Tailslap          |     6 |     1 ||     7
       War axe           |    31 |    53 ||    84
 Cast: Magic Dart        |    61 |    30 ||    91
       Dazzling Spray    |       |     4 ||     4
 Stab: Sleeping          |     2 |     2 ||     4
       Distracted        |       |     1 ||     1
  Eat: Chunk             |     5 |     5 ||    10
Armor: Skin              |    23 |    23 ||    46
Dodge: Dodged            |    53 |    53 ||   106
Block: Other             |       |    13 ||    13
